 Dungeon Crawl Stone Soup version 0.21-a0-243-g597973d (webtiles) character file.

119 tof the Ruffian (level 4, -11/45 HPs)
             Began as a Troll Fighter on Sept 4, 2017.
             Mangled by mothman's ghost (18 damage)
             ... on level 4 of the Dungeon.
             The game lasted 00:03:32 (1542 turns).

tof the Ruffian (Troll Fighter)                     Turns: 1542, Time: 00:03:33

Health: -11/45     AC:  5    Str: 26    XL:     4   Next: 74%
Magic:  3/3        EV:  8    Int:  4    God:
Gold:   134        SH:  9    Dex: 10    Spells: 3/3 levels left

rFire    . . .     SeeInvis .     - Unarmed
rCold    . . .     Gourm    +   b - +0 shield
rNeg     . . .     Faith    .   a - +0 robe
rPois    .         Spirit   .   (helmet restricted)
rElec    .         Reflect  .   (no cloak)
rCorr    .         Harm     .   (gloves unavailable)
MR       .....                  (boots unavailable)
Stlth    +.........             (no amulet)
HPRegen  0.55/turn              g - +2 ring of strength
MPRegen  0.08/turn              (no ring)

@: no status effects
A: unfitting armour, claws 3, fast metabolism 3, gourmand, regeneration 1,
shaggy fur 1, tough skin 2
a: no special abilities


You were on level 4 of the Dungeon.
You were very full.

You visited 1 branch of the dungeon, and saw 4 of its levels.

You collected 134 gold pieces.

Inventory:

Armour
 a - a +0 robe (worn)
 b - a +0 shield (worn)
Jewellery
 g - a +2 ring of strength (left claw)
Scrolls
 e - 2 scrolls of fear
 k - 4 scrolls of teleportation
 m - 5 scrolls of enchant weapon
 n - 2 scrolls of remove curse
 o - 2 scrolls of magic mapping {unknown}
 p - a scroll of random uselessness {unknown}
 r - a scroll of noise {unknown}
Potions
 c - 2 potions of might
 j - a potion of curing {unknown}
 l - 2 potions of agility {unknown}
Comestibles
 d - 3 bread rations
 f - 3 meat rations
 q - a royal jelly


   Skills:
 + Level 3.2 Fighting
 + Level 2.8 Dodging
 + Level 2.8 Shields
 * Level 3.4 Unarmed Combat


You had 3 spell levels left.
You didn't know any spells.

Dungeon Overview and Level Annotations

Branches:
Dungeon (4/15)
 Temple: D:4-7

Altars:
Gozag
Nemelex Xobeh

Annotations:
D:4 mothman's ghost, amateur BaBe


Innate Abilities, Weirdness & Mutations

You are too large for most types of armour.
You have claws for hands.
Your metabolism is lightning-fast.
You like to eat raw meat.
Your natural rate of healing is unusually fast.
You are covered in fur. (AC +1)
You have very tough skin. (AC +2)


Message History

You claw the worker ant!
The worker ant is almost dead.
The worker ant bites you. The worker ant closely misses you.
You barely miss the worker ant.
The worker ant is almost dead.
You block the worker ant's attack.
A quokka comes into view.
You scratch the worker ant.
The worker ant is almost dead.
The worker ant bites you but does no damage.
You scratch the worker ant but do no damage.
The worker ant is almost dead.
The worker ant bites you. Mothman's ghost hits you! x2
* * * LOW HITPOINT WARNING * * *
x2 The worker ant barely misses you.
Your shield prevents you from hitting the worker ant.
The worker ant is almost dead.
You block the worker ant's attack. You block mothman's ghost's attack.
You block the worker ant's attack. Mothman's ghost hits you!!
You die...

.(..##. .# ...
.#.#..
.....<...####
............##
.....#.......#.
..#(.....[...>.
.#.....W.......
.......@r......
...##>a........
#..........
............
.##....(.....
#. #..........
# #..........
#..........


You could see a worker ant, mothman's ghost and a quokka.

Vanquished Creatures
  Jessica (D:2)
  5 adders (D:2)
  An ooze (D:3)
  A worm (D:2)
  A dart slug (D:1)
  2 leopard geckos
  2 giant cockroaches
  2 goblins
  5 hobgoblins
  A quokka (D:3)
  A ball python (D:1)
  4 bats
  2 frilled lizards
  6 kobolds
  A leopard gecko skeleton (D:4)
  7 rats
42 creatures vanquished.

Notes
Turn   | Place    | Note
-------+----------+-------------------------------------------
     0 | D:1      | tof the Troll Fighter began the quest for the Orb.
     0 | D:1      | Reached XP level 1. HP: 22/22 MP: 0/0
   362 | D:1      | Reached XP level 2. HP: 29/29 MP: 1/1
   677 | D:2      | Reached XP level 3. HP: 35/36 MP: 2/2
   712 | D:2      | Noticed Jessica
   730 | D:2      | Killed Jessica
   730 | D:2      | Reached XP level 4. HP: 32/45 MP: 3/3
   914 | D:2      | Found an opulent altar of Gozag.
  1109 | D:2      | Found a sparkling altar of Nemelex Xobeh.
  1531 | D:4      | Noticed mothman's ghost (amateur BaBe)
  1542 | D:4      | Mangled by mothman's ghost

Vault maps used:
D:1:      eino_arrival_druids_welcome, nrook_uturn, minivault_14
D:2:      nicolae_gozag_seed_capital, first_bread, nemelex_spade_bored_becter,
          uniq_jessica
D:4:      old_standard_altar, uniq_menkaure

Skill      XL: |  1  2  3 |
---------------+----------+-----
Unarmed Combat | 3 |  3.4
Fighting       | 3 |  3.2
Dodging        | |  2.8
Shields        | |  2.8

Action                   |  1- 3 |  4- 6 || total
-------------------------+-------+-------++-------
Melee: Unarmed           |    61 |    56 ||   117
  Use: Scroll            |       |     5 ||     5
 Stab: Sleeping          |       |     1 ||     1
  Eat: Chunk             |    11 |     8 ||    19
Armor: Robe              |    27 |     9 ||    36
Dodge: Dodged            |    25 |    19 ||    44
Block: Shield            |    29 |    29 ||    58

Table legend:
 A = Spawn XP
 B = Non-spawn XP
 C = Spawn XP percentage of total XP
 D = Spawn monster count
 E = Non-spawn monster count
 F = Spawn count percentage of total count
 G = Total turns spent on level
                    A         B        C        D         E        F      G
               +---------+---------+-------+---------+---------+-------+---------
         Total |       8 |     163 |   4.7 |       4 |      38 |   9.5 |  1542
               +---------+---------+-------+---------+---------+-------+---------
           D:1 |       6 |      16 |  27.3 |       3 |      10 |  23.1 |   665
           D:2 |       2 |     131 |   1.5 |       1 |      20 |   4.8 |   601
           D:3 |       0 |      15 |   0.0 |       0 |       7 |   0.0 |   265
           D:4 |       0 |       1 |   0.0 |       0 |       1 |   0.0 |    11
               +---------+---------+-------+---------+---------+-------+---------
